 Dungeon Sprint DCSS version 0.30-a0-802-gb92711bcdf (webtiles) character file.

Game seed: 13027224149406790126

450 retardedninja the Blocker (level 7, -7/94 HPs)
             Began as a Gnoll Fighter on Feb 24, 2023.
             Was an Initiate of Gozag.
             Mangled by a centaur warrior (10 damage)
             ... in the Dungeon (Sprint I: "Red Sonja").
             The game lasted 00:01:13 (883 turns).

retardedninja the Blocker (Gnoll Fighter)            Turns: 883, Time: 00:01:14

Health: -7/94      AC:  8    Str: 17    XL:     7   Next: 4%
Magic:  14/14      EV: 11    Int:  7    God:    Gozag
Gold:   317        SH:  6    Dex: 12    Spells: 16/16 levels left

rFire   . . .      SeeInvis .    a - +0 flail
rCold   . . .      Faith    .    c - +0 buckler
rNeg    . . .      Spirit   .    b - +0 scale mail
rPois   .          Reflect  .    (no helmet)
rElec   .          Harm     .    (no cloak)
rCorr   .          Rampage  .    (no gloves)
Will    .....      NoTele   +    (no boots) Stlth
                                 (no amulet)
HPRegen 0.35/turn                (no ring)
MPRegen 0.14/turn                (no ring)

@: berserking, quick
A: fangs 1, strong nose, distributed training
a: Renounce Religion, Potion Petition, Call Merchant, Bribe Branch


You were in the Dungeon.
You worshipped Gozag.
Gozag was aware of your devotion.
You visited 1 branch You collected 317 gold pieces.

Inventory:

Hand Weapons
 a - a +0 flail (weapon)
Armour
 b - a +0 scale mail (worn)
 c - a +0 buckler (worn)
Wands
 k - a wand of iceblast (6)
Scrolls
 j - a scroll of blinking
 m - a scroll of amnesia {unknown}
Potions
 d - a potion of might
 e - a potion of curing
 g - a potion of haste
 h - 2 potions of magic
 l - a potion of cancellation {unknown}


   Skills:
 + Level 8.5 Fighting
 + Level 5.3 Short Blades
 + Level 5.3 Long Blades
 + Level 5.3 Axes
 + Level 7.1 Maces & Flails
 + Level 5.3 Polearms
 + Level 5.3 Staves
 + Level 5.3 Ranged Weapons
 + Level 5.3 Throwing
 + Level 8.5 Armour
 + Level 5.3 Dodging
 + Level 5.3 Stealth
 + Level 8.5 Shields
 + Level 5.3 Unarmed Combat
 + Level 5.3 Spellcasting
 + Level 4.3 Conjurations
 + Level 4.3 Hexes
 + Level 4.3 Summonings
 + Level 4.3 Necromancy
 + Level 4.3 Translocations
 + Level 4.3 Transmutations
 + Level 4.3 Fire Magic
 + Level 4.3 Ice Magic
 + Level 4.3 Air Magic
 + Level 4.3 Earth Magic
 + Level 4.3 Poison Magic
 + Level 5.8 Invocations
 + Level 5.3 Evocations


You had 16 spell levels left.
You didn't know any spells.
Your spell library was empty.

Dungeon Overview and Level Annotations

Branches:
Dungeon (1/1)

Altars:
Cheibriados
Dithmenos
Elyvilon
Fedhas
Gozag
Hepliaklqana
Kikubaaqudgha
Nemelex Xobeh
Okawaru
Qazlal
Ru
Sif Muna
Trog
Uskayaw
Vehumet
Wu Jian
Yredelemnul
Zin
The Shining One

Shops:
D :


Innate Abilities, Weirdness & Mutations

You have very sharp teeth.
Your uncanny sense of smell can sniff out nearby items.
Your experience applies equally to all skills.


Message History

The centaur warrior kicks you but does no damage.
You barely miss the centaur warrior.
The centaur warrior hits you but does no damage.
You block the centaur warrior's attack.
The centaur warrior hits you but does no damage.
You block the centaur warrior's attack.
Your unstable footing causes you to fumble your attack.
The centaur warrior misses you.
The centaur warrior completely misses you.
The centaur warrior hits you but does no damage.
The centaur warrior kicks you but does no damage.
You barely miss the centaur warrior. Your bite misses the centaur warrior.
The centaur warrior hits you.
* * * LOW HITPOINT WARNING * * *
You block the centaur warrior's attack. The centaur warrior hits you.
* * * LOW HITPOINT WARNING * * *
The centaur warrior kicks you.
* * * LOW HITPOINT WARNING * * *
Your unstable footing causes you to fumble your attack.
The centaur warrior hits you.
* * * LOW HITPOINT WARNING * * *
The centaur warrior kicks you but does no damage.
The centaur warrior hits you.
* * * LOW HITPOINT WARNING * * *
The centaur warrior barely misses you.
You barely miss the centaur warrior. The centaur warrior hits you.
* * * LOW HITPOINT WARNING * * *
The centaur warrior barely misses you.
The centaur warrior closely misses you. x2
Your unstable footing causes you to fumble your attack.
The centaur warrior hits you.
* * * LOW HITPOINT WARNING * * *
The centaur warrior kicks you but does no damage.
The centaur warrior misses you.
The centaur warrior kicks you but does no damage.
Your unstable footing causes you to fumble your attack.
You block the centaur warrior's attack. The centaur warrior kicks you.
* * * LOW HITPOINT WARNING * * *
The centaur warrior hits you!
You die...
Your body crumbles into a pile of gold.

##############
.#..)..#..'..# $$ $ $$
.').#..').#..+ $$ $
.#####'#####'# ### $ $
.####..#...#.####§§# $
$
.#__####..##.#§§§c§#$$
$ .#_____##'#_.'§§@c§+
$
⌠#_.∩...'..._#§§§§§#$$
$$
##_..__##_.#'##+####
$#_____###+#.#$∆∆∆ $
####### ### ∆ $ $ $ $$
$$ $ $$ $ $ $ $$ $


$$$$$ $ $ $ $$$$$ You could see 2 centaur warriors.

Vanquished Creatures
  Sigmund (D)
  A yak (D)
  An ogre (D)
  A jelly (D)
  Ijyb (D)
5 creatures vanquished.

Notes
Turn   | Place    | Note
-------+----------+-------------------------------------------
     0 | D        | retardedninja the Gnoll Fighter began the quest for the
                  | Orb.
     0 | D        | Reached XP level 1. HP: 23/23 MP: 1/1
     2 | D        | Noticed Ijyb
    27 | D        | Killed Ijyb
    28 | D        | Reached skill level 1 in Short Blades
    28 | D        | Reached skill level 1 in Long Blades
    28 | D        | Reached skill level 1 in Axes
    28 | D        | Reached skill level 1 in Polearms
    28 | D        | Reached skill level 1 in Staves
    28 | D        | Reached skill level 1 in Ranged Weapons
    28 | D        | Reached skill level 1 in Throwing
    28 | D        | Reached skill level 1 in Dodging
    28 | D        | Reached skill level 1 in Stealth
    28 | D        | Reached skill level 1 in Unarmed Combat
    28 | D        | Reached skill level 1 in Spellcasting
    28 | D        | Reached skill level 1 in Conjurations
    28 | D        | Reached skill level 1 in Hexes
    28 | D        | Reached skill level 1 in Summonings
    28 | D        | Reached skill level 1 in Necromancy
    28 | D        | Reached skill level 1 in Translocations
    28 | D        | Reached skill level 1 in Transmutations
    28 | D        | Reached skill level 1 in Fire Magic
    28 | D        | Reached skill level 1 in Ice Magic
    28 | D        | Reached skill level 1 in Air Magic
    28 | D        | Reached skill level 1 in Earth Magic
    28 | D        | Reached skill level 1 in Poison Magic
    28 | D        | Reached skill level 1 in Evocations
    28 | D        | Reached XP level 2. HP: 22/29 MP: 1/4
    28 | D        | Reached XP level 3. HP: 26/35 MP: 1/5
    77 | D        | Noticed an ogre
    80 | D        | Killed an ogre
    81 | D        | Reached skill level 5 in Maces & Flails
    81 | D        | Reached XP level 4. HP: 17/43 MP: 5/8
   346 | D        | Noticed Sigmund
   360 | D        | Killed Sigmund
   361 | D        | Reached XP level 5. HP: 31/49 MP: 8/11
   361 | D        | Reached XP level 6. HP: 35/56 MP: 8/12
   444 | D        | Found an ornate altar of the Wu Jian Council.
   444 | D        | Found a shimmering blue altar of Sif Muna.
   446 | D        | Found a radiant altar of Vehumet.
   452 | D        | Reached skill level 5 in Invocations
   512 | D        | Noticed a centaur warrior
   512 | D        | Noticed a centaur warrior
   523 | D        | Found Gurugav's Book Emporium.
   523 | D        | Found an ancient bone altar of Kikubaaqudgha.
   523 | D        | Found a hazy altar of Hepliaklqana.
   523 | D        | Found a stormy altar of Qazlal.
   523 | D        | Found a hide-covered altar of Uskayaw.
   523 | D        | Found a blossoming altar of Fedhas.
   523 | D        | Found a bloodstained altar of Trog.
   523 | D        | Found an iron altar of Okawaru.
   523 | D        | Found a basalt altar of Yredelemnul.
   523 | D        | Found a glowing golden altar of the Shining One.
   523 | D        | Found a snail-covered altar of Cheibriados.
   523 | D        | Found a sacrificial altar of Ru.
   523 | D        | Found a glowing silver altar of Zin.
   523 | D        | Found a shadowy altar of Dithmenos.
   523 | D        | Found a white marble altar of Elyvilon.
   523 | D        | Noticed a yak
   537 | D        | HP: 2/56 [yak (11)]
   539 | D        | Killed a yak
   540 | D        | Reached skill level 5 in Short Blades
   540 | D        | Reached skill level 5 in Long Blades
   540 | D        | Reached skill level 5 in Axes
   540 | D        | Reached skill level 5 in Polearms
   540 | D        | Reached skill level 5 in Staves
   540 | D        | Reached skill level 5 in Ranged Weapons
   540 | D        | Reached skill level 5 in Throwing
   540 | D        | Reached skill level 5 in Dodging
   540 | D        | Reached skill level 5 in Stealth
   540 | D        | Reached skill level 5 in Unarmed Combat
   540 | D        | Reached skill level 5 in Spellcasting
   540 | D        | Reached skill level 5 in Evocations
   540 | D        | Reached XP level 7. HP: 35/63 MP: 12/14
   540 | D        | Found an opulent altar of Gozag.
   541 | D        | Found a sparkling altar of Nemelex Xobeh.
   835 | D        | Became a worshipper of Gozag Ym Sagoz the Greedy
   883 | D        | HP: 3/94 [centaur warrior (4)]
   883 | D        | Mangled by a centaur warrior

Illustrated notes

Levels and vault maps discovered:
D:        dungeon_sprint_1 [red_sonja_temple_1, red_sonja_temple_small_1]

Skill      XL: |  1  2  3  4  5  6 |
---------------+-------------------+-----
Short Blades   | 1 3 4 5 |  5.3
Long Blades    | 1 3 4 5 |  5.3
Axes           | 1 3 4 5 |  5.3
Polearms       | 1 3 4 5 |  5.3
Staves         | 1 3 4 5 |  5.3
Ranged Weapons | 1 3 4 5 |  5.3
Throwing       | 1 3 4 5 |  5.3
Dodging        | 1 3 4 5 |  5.3
Stealth        | 1 3 4 5 |  5.3
Unarmed Combat | 1 3 4 5 |  5.3
Spellcasting   | 1 3 4 5 |  5.3
Conjurations   | 1 2 3 4 |  4.3
Hexes          | 1 2 3 4 |  4.3
Summonings     | 1 2 3 4 |  4.3
Necromancy     | 1 2 3 4 |  4.3
Translocations | 1 2 3 4 |  4.3
Transmutations | 1 2 3 4 |  4.3
Fire Magic     | 1 2 3 4 |  4.3
Ice Magic      | 1 2 3 4 |  4.3
Air Magic      | 1 2 3 4 |  4.3
Earth Magic    | 1 2 3 4 |  4.3
Poison Magic   | 1 2 3 4 |  4.3
Invocations    | 2 3 4 5 |  5.8
Evocations     | 1 3 4 5 |  5.3
Fighting       | 7 8 |  8.5
Maces & Flails | 5 6 7 |  7.1
Armour         | 7 8 |  8.5
Shields        | 7 8 |  8.5

Action                     |  1- 3 |  4- 6 |  7- 9 || total
---------------------------+-------+-------+-------++-------
  Melee: Flail             |    26 |    30 |     9 ||    65
         Bite              |     2 |     6 |       ||     8
  Evoke: Wand              |     1 |       |       ||     1
    Use: Potion            |       |     1 |     1 ||     2
 Armour: Scale mail        |     6 |     7 |    12 ||    25
  Dodge: Dodged            |    17 |     6 |    10 ||    33
  Block: Buckler           |     3 |     3 |    10 ||    16

Table legend: (Time is in decaauts)
 A = Elapsed time spent in this place.
 B = Non-inter-level travel time spent in this place.
 C = Inter-level travel time spent in this place.
 D = Time resting spent in this place.
 E = Time spent auto-exploring this place.
 F = Levels seen in this place.
 G = Mean time per level.
                   A        B        C        D        E       F      G
               +--------+--------+--------+--------+--------+-----+--------+
         Total |    891 |    891 |      0 |    712 |      0 |   1 |  891.0 |
       Dungeon |    891 |    891 |      0 |    712 |      0 |   1 |  891.0 |
               +--------+--------+--------+--------+--------+-----+--------+

Top non-repeatable levels by time:
       D: 891 daAuts
